 Dungeon Crawl Stone Soup version 0.18.1-1-g2f07953 (webtiles) character file.

211 Jaxo the Slasher (level 5, -1/40 HPs)
             Began as a Demonspawn Gladiator on July 6, 2016.
             Was an Initiate of Nemelex Xobeh.
             Engulfed by a cloud of flame (4 damage)
             ... on level 4 of the Dungeon.
             The game lasted 00:15:18 (3036 turns).

Jaxo the Slasher (Demonspawn Gladiator)             Turns: 3036, Time: 00:15:18

Health: -1/40      AC: 18    Str: 15    XL:     5   Next: 57%
Magic:  5/5        EV:  5    Int: 10    God:    Nemelex Xobeh [......]
Gold:   178        SH:  2    Dex: 14    Spells: 0 memorised, 4 levels left

rFire  . . .     SeeInvis .     a - +1 long sword
rCold  . . .     Gourm    .     j - +0 plate armour
rNeg   . . .     Faith    .     (no shield)
rPois  .         Spirit   .     c - +0 helmet
rElec  .         Dismiss  .     (no cloak)
rCorr  .         Reflect  .     (no gloves)
SustAt .         Harm     .     (no boots)
MR     .....                    (no amulet)
Stlth  ..........               h - +4 ring of protection
                                e - ring of stealth

@: not resistant to hostile enchantments, extremely unstealthy
A: talons 1, large bone plates 1, powered by death 1, powered by pain 1
a: Renounce Religion


You were on level 4 of the Dungeon.
You worshipped Nemelex Xobeh.
Nemelex Xobeh was noncommittal.
You were not hungry.

You visited 1 branch of the dungeon, and saw 4 of its levels.

You collected 178 gold pieces.

Inventory:

Hand Weapons
 a - a +1 long sword (weapon)
 n - a +0 arbalest
Missiles
 d - 3 throwing nets (quivered)
Armour
 b - a +0 leather armour
 c - a +0 helmet (worn)
 j - a +0 plate armour (worn)
Jewellery
 e - a ring of stealth (left hand)
 h - a +4 ring of protection (right hand)
Wands
 y - a wand of flame (33/48)
Scrolls
 k - a scroll of teleportation
 r - a scroll of blinking
 v - a scroll of enchant armour {unknown}
Potions
 i - 2 potions of ambrosia
 m - a potion of lignification
 o - a potion of mutation {unknown}
 p - 2 potions of heal wounds
 w - 2 potions of curing
Miscellaneous
 x - a plain deck of destruction
Comestibles
 f - 6 bread rations
 g - 2 meat rations
 q - 2 beef jerkies


   Skills:
 + Level 2.8 Fighting
 + Level 3.5 Long Blades
 + Level 1.9 Throwing
 * Level 3.0 Armour
 + Level 3.4 Dodging
 + Level 0.2 Stealth


You had 4 spell levels left.
You didn't know any spells.

Dungeon Overview and Level Annotations

Branches:
Dungeon (4/15)             Temple (0/1) D:4

Altars:
Cheibriados
Kikubaaqudgha
Makhleb
Nemelex Xobeh
Ru
Sif Muna


Innate Abilities, Weirdness & Mutations

You have sharp toenails.
You are partially covered in large bone plates (AC +2, SH +2).
You regenerate a little health from kills.
You sometimes gain a little power by taking damage.


Message History

Your plate armour prevents you from hitting the ball python.
You block the ball python's attack. The ball python barely misses you.
The ball python bites you but does no damage.
The ball python grabs you. The ball python constricts you.
You closely miss the ball python. You claw the ball python.
The ball python is moderately wounded.
The ball python bites you but does no damage.
The ball python constricts you.
The ball python bites you but does no damage.
The ball python constricts you. The kobold hits you with a whip.
You slash the ball python!
The ball python explodes!
The fiery explosion engulfs the kobold.
You kill the kobold!
The fiery explosion engulfs you!
Ouch! That really hurt!
* * * LOW HITPOINT WARNING * * *
You are engulfed in roaring flames.
You die...
Your body disappears without a glow.

### #.? #.# #
############.#.##
#.........##@§..###
#.###......§§§......
##.....###.##§§..###%
##...#### #.##.......
#.....## #.####.####
#......####.# .#
#...........# '#
##...#.###### ..
#####.#


There were no monsters in sight!

Vanquished Creatures
  A scorpion (D:4)
  The ghost of Jaxo the Slasher, a weakling DsGl of Fedhas (D:3)
  A hound (D:4)
  An adder (D:3)
  An ooze (D:4)
  2 worms
  A dart slug (D:2)
  13 orcs (D:3)
  4 ball pythons
  6 bats
  2 giant cockroaches
  5 goblins
  5 hobgoblins
  3 quokkas
  5 giant newts
  3 kobolds
  8 rats
  2 fungi (D:2)
  A plant (D:2)
65 creatures vanquished.

Notes
Turn   | Place    | Note
--------------------------------------------------------------
     0 | D:1      | Jaxo the Demonspawn Gladiator began the quest for the Orb.
     0 | D:1      | Reached XP level 1. HP: 16/16 MP: 1/1
   401 | D:1      | Gained mutation: You have sharp toenails. [demonic ancestry]
   401 | D:1      | Reached XP level 2. HP: 18/22 MP: 2/2
   959 | D:2      | Found a deep blue altar of Sif Muna.
  1091 | D:2      | Found a sacrificial altar of Ru.
  1187 | D:2      | Gained mutation: You regenerate a little health from kills. [demonic ancestry]
  1187 | D:2      | Reached XP level 3. HP: 10/27 MP: 3/3
  1411 | D:2      | Found a sparkling altar of Nemelex Xobeh.
  1458 | D:3      | Noticed Jaxo's ghost (weakling DsGl)
  1665 | D:3      | Reached skill level 1 in Armour
  1880 | D:3      | Gained mutation: You sometimes gain a little power by taking damage. [demonic ancestry]
  1880 | D:3      | Reached XP level 4. HP: 33/33 MP: 4/4
  1982 | D:3      | Killed Jaxo's ghost
  2008 | D:3      | Found an ancient bone altar of Kikubaaqudgha.
  2098 | D:2      | Found a snail-covered altar of Cheibriados.
  2112 | D:2      | Became a worshipper of Nemelex Xobeh the Trickster
  2414 | D:3      | Received a gift from Nemelex Xobeh
  2704 | D:4      | Found a staircase to the Ecumenical Temple.
  2779 | D:4      | Gained mutation: You are partially covered in large bone plates (AC +2, SH +2). [demonic ancestry]
  2779 | D:4      | Reached XP level 5. HP: 35/39 MP: 5/5
  2970 | D:4      | Found a burning altar of Makhleb.
  3036 | D:4      | Engulfed by a cloud of flame

Skill      XL: |  1  2  3  4  5 |
---------------+----------------+-----
Dodging        | 3 |  3.4
Long Blades    | 3 |  3.5
Armour         | 1 2 3 |  3.0
Fighting       | |  2.8
Throwing       | |  1.9
Stealth        | |  0.2

Action                   |  1- 3 |  4- 6 || total
-------------------------+-------+-------++-------
Melee: Long sword        |   194 |    79 ||   273
       Kick              |    54 |    23 ||    77
  Use: Scroll            |     6 |     7 ||    13
       Potion            |       |     6 ||     6
 Stab: Sleeping          |     1 |       ||     1
  Eat: Fruit             |     3 |       ||     3
       Meat ration       |     1 |       ||     1
Armor: Leather armour    |    13 |       ||    13
       Plate armour      |   100 |    89 ||   189
Dodge: Dodged            |    42 |    23 ||    65
Block: Other             |       |     4 ||     4
